[Event "Titled Tuesday Blitz May 9 Late 2023"]
[White "Annaberdiyev, Meylis"]
[Black "Itkis, Boris"]
[WhiteFideId "14000563"]
[BlackFideId "1209167"]
[WhiteElo "2416"]
[BlackElo "2216"]
[Result "1-0"]
[Round "01"]
[TimeControl "180+2"]
[Date "2023.05.09"]
[WhiteClock "0:00:07"]
[BlackClock "0:00:00"]

1. e4 e6 2. d4 d5 3. e5 c5 4. Nf3 Nc6 5. Bd3 cxd4 6. O-O Nge7 7. Re1 Ng6 8. Nbd2 Qc7 9. Bxg6 hxg6 10. Nb3 Bd7 11. Nbxd4 Nxd4 12. Nxd4 Rc8 13. c3 Bc5 14. Bf4 f6 15. Qg4 Kf7 16. Nf3 Qb6 17. Be3 Bxe3 18. Rxe3 Qxb2 19. Rae1 Rhe8 20. Qf4 Rc4 21. Qg3 Qb6 22. h4 Rh8 23. Nd4 Re8 24. Rf3 Rxd4 25. cxd4 Qxd4 26. Rf4 Qd2 27. Rb1 Bc6 28. Qf3 f5 29. Rfb4 d4 30. Qg3 Re7 31. Qg5 Rd7 32. Qxd2 1-0


[Site "https://www.chess.com"]

[Event "Titled Tuesday Blitz May 9 Late 2023"]
[White "Szente Varga, Fruzsina"]
[Black "Lewicki, Miroslaw"]
[WhiteFideId "712264"]
[BlackFideId "1113380"]
[WhiteElo "1994"]
[BlackElo "2212"]
[Result "0-1"]
[Round "01"]
[TimeControl "180+2"]
[Date "2023.05.09"]
[WhiteClock "0:00:00"]
[BlackClock "0:00:15"]

1. e4 c5 2. Nf3 d6 3. d4 cxd4 4. Qxd4 Bd7 5. c4 Nc6 6. Qe3 Nf6 7. Nc3 g6 8. h3 Bg7 9. Be2 O-O 10. O-O Rc8 11. Bd2 a6 12. Rab1 Be6 13. Ng5 Bd7 14. Na4 Ne8 15. Bc3 e5 16. Nf3 Be6 17. Nb6 Rb8 18. Rfd1 h6 19. b4 f5 20. exf5 gxf5 21. b5 f4 22. Qe4 Nf6 23. Qc2 Qxb6 24. bxc6 Qxc6 25. Ba5 b5 26. c5 Ne8 27. Qd2 dxc5 28. Bc3 e4 29. Ne5 Qc7 30. Ng4 Bxg4 31. Bxg4 Nf6 32. Be6+ Kh8 33. Qe2 Rbe8 34. Bf5 e3 35. f3 Nh5 36. Bc2 Bxc3 37. Qd3 Bd4 38. Kh2 Qg7 39. a4 Ng3 40. axb5 e2 41. Re1 Nf1+ 42. Kh1 Rg8 43. Rxe2 Rxe2 44. Qxe2 Ng3+ 0-1


[Site "https://www.chess.com"]

[Event "Titled Tuesday Blitz May 9 Late 2023"]
[White "Arabidze, Meri"]
[Black "Celestino, Rafael Teixeira"]
[WhiteFideId "13604040"]
[BlackFideId "2108925"]
[WhiteElo "2405"]
[BlackElo "2334"]
[Result "1-0"]
[Round "01"]
[TimeControl "180+2"]
[Date "2023.05.09"]
[WhiteClock "0:00:26"]
[BlackClock "0:00:14"]

1. Nf3 Nf6 2. d4 g6 3. g3 Bg7 4. Bg2 O-O 5. O-O d6 6. a4 Nbd7 7. a5 e5 8. a6 c6 9. axb7 Bxb7 10. dxe5 Nxe5 11. Nc3 Qc7 12. Nd4 a6 13. Nb3 Rfd8 14. Na5 Rab8 15. Nxb7 Qxb7 16. b3 Qb6 17. Ra2 d5 18. Na4 Qb5 19. Be3 Nfg4 20. Bd4 Re8 21. Re1 Nf6 22. e3 Nfd7 23. Bf1 Qb4 24. Bc3 Qb7 25. Bg2 Qb5 26. Qa1 f6 27. Rd1 Qe2 28. Rf1 Ng4 29. Qd1 Qxd1 30. Rxd1 Nge5 31. Bd4 Rb5 32. Rda1 Ra8 33. Nc3 Rb4 34. Rxa6 Rxa6 35. Rxa6 c5 36. Bxd5+ Kf8 37. Ra8+ Ke7 38. Bxe5 fxe5 39. Ra7 Kd6 40. e4 Bh6 41. Kg2 Bd2 42. Na4 g5 43. h3 h5 44. Ra6+ Ke7 45. Re6+ Kd8 46. Rg6 Ke7 47. Rg7+ Kd6 48. Rg6+ Ke7 49. Bc4 Rb8 50. Nb2 Rf8 51. Nd3 Bc3 52. Rg7+ Kd8 53. Rxg5 Bd4 54. f3 Nf6 55. Nxe5 h4 56. Nf7+ Ke7 57. gxh4 Nd7 58. f4 Kf6 59. e5+ Ke7 60. Kg3 Nb6 61. Nd6 Be3 62. Rg7+ Kd8 63. f5 Nxc4 64. bxc4 Bd4 65. Kf4 Rh8 66. Nf7+ Ke8 67. Nxh8 Kf8 68. Rb7 Kg8 69. f6 Kxh8 70. Rb8+ Kh7 71. f7 Bxe5+ 72. Kxe5 Kg6 73. f8=Q Kh5 74. Qh8+ Kg6 75. Rg8+ 1-0


[Site "https://www.chess.com"]

[Event "Titled Tuesday Blitz May 9 Late 2023"]
[White "Sarkar, Justin"]
[Black "Jaracz, Pawel"]
[WhiteFideId "2010011"]
[BlackFideId "1102222"]
[WhiteElo "2168"]
[BlackElo "2438"]
[Result "0-1"]
[Round "01"]
[TimeControl "180+2"]
[Date "2023.05.09"]
[WhiteClock "0:00:00"]
[BlackClock "0:02:18"]

1. e4 c6 2. d4 d5 3. e5 c5 4. dxc5 e6 5. a3 Bxc5 6. b4 Bb6 7. Nf3 a5 8. b5 Nd7 9. Bd3 Ne7 10. O-O Ng6 11. Re1 O-O 12. a4 f6 13. Ba3 Rf7 0-1


[Site "https://www.chess.com"]

[Event "Titled Tuesday Blitz May 9 Late 2023"]
[White "Wieczorek, Oskar"]
[Black "Ardila, Oscar Humberto"]
[WhiteFideId "1133950"]
[BlackFideId "4404742"]
[WhiteElo "2418"]
[BlackElo "1918"]
[Result "1-0"]
[Round "01"]
[TimeControl "180+2"]
[Date "2023.05.09"]
[WhiteClock "0:00:22"]
[BlackClock "0:00:45"]

1. e4 e5 2. Nf3 Nf6 3. Nc3 Nc6 4. h3 Bb4 5. Nd5 Ba5 6. c3 d6 7. Bb5 O-O 8. Qa4 Bb6 9. Nxb6 cxb6 10. Qc2 a6 11. Be2 Re8 12. c4 Nd4 13. Nxd4 exd4 14. d3 Qc7 15. Bf4 Be6 16. Qd2 Nd7 17. O-O f6 18. Bh2 a5 19. Rac1 Qc5 20. f4 Bf7 21. a3 a4 22. Kh1 Nf8 23. Bg1 f5 24. Bf3 Ng6 25. exf5 Qxf5 26. Bxb7 Rab8 27. Be4 Qc5 28. Qf2 Qh5 29. Qxd4 Nh4 30. f5 Qg5 31. Qe3 Qf6 32. Qf2 d5 33. cxd5 Rbc8 34. Rxc8 Rxc8 35. Qxb6 Qg5 36. Qf2 h6 37. Bh2 Qf6 38. Bg3 Ng6 39. fxg6 Bxg6 40. Qxf6 gxf6 41. Bxg6 Kg7 42. Be4 Kf7 43. Bf2 Kg7 44. Bd4 Rb8 45. Rxf6 Rd8 46. Rd6+ Kf7 47. Rxd8 Ke7 48. Rh8 Kd7 49. Rxh6 Kc7 50. g4 Kb7 51. Kg2 Kc7 52. Kg3 Kd7 53. Kf4 Ke7 54. Ke3 Kf7 55. Kd2 Ke7 56. Kc3 Kf7 57. Kb4 Ke7 58. Kxa4 Kf7 59. Kb4 Ke7 60. Kc3 Kf7 61. Kd2 Ke7 62. b4 Kf7 63. a4 Ke7 64. a5 Kf7 65. b5 Ke7 66. g5 Kf7 67. h4 Ke7 68. h5 Kf7 69. Ke3 Ke7 70. Kf4 Kf7 71. Bh1 Ke7 72. Bg1 Kf7 73. Bh2 Ke7 74. Bg3 Kf7 75. Bh4 Ke7 76. a6 Kf7 77. a7 Ke7 78. a8=Q Kf7 79. Qa7+ Ke8 80. Rb6 Kf8 81. Rb8# 1-0


[Site "https://www.chess.com"]

[Event "Titled Tuesday Blitz May 9 Late 2023"]
[White "Hollan, Petr"]
[Black "Korchmar, Vasiliy"]
[WhiteFideId "360945"]
[BlackFideId "24131750"]
[WhiteElo "2254"]
[BlackElo "2370"]
[Result "1-0"]
[Round "01"]
[TimeControl "180+2"]
[Date "2023.05.09"]
[WhiteClock "0:00:15"]
[BlackClock "0:00:07"]

1. e4 c5 2. Nf3 d6 3. Bb5+ Nd7 4. d4 cxd4 5. Qxd4 a6 6. Be2 Ngf6 7. O-O g6 8. e5 dxe5 9. Nxe5 Bg7 10. Nxd7 Bxd7 11. Bf3 Qc8 12. Qb6 Bc6 13. Bxc6+ bxc6 14. Nc3 O-O 15. Qc5 Re8 16. Re1 Qb7 17. Rb1 Nd5 18. Ne4 Rad8 19. a3 h6 20. Qc4 Qb6 21. Be3 Nxe3 22. Rxe3 Qxb2 23. Rxb2 Rd1+ 24. Qf1 Rxf1+ 25. Kxf1 Bxb2 26. Rb3 Bd4 27. c3 Bg7 28. Rb6 f5 29. Ng3 Bxc3 30. Rxc6 Bd4 31. Rxg6+ Kf7 32. Rxa6 e6 33. Ne2 Bf6 34. g3 Rb8 35. Ra7+ Kg6 36. Nf4+ Kg5 37. Nxe6+ Kg4 38. Kg2 Rb2 39. h3+ Kh5 40. Nf4+ Kg5 41. Ra6 h5 42. h4+ Kg4 43. Rxf6 Rxf2+ 44. Kg1 Kxg3 45. Nxh5+ Kf3 46. Rxf5+ 1-0


[Site "https://www.chess.com"]

[Event "Titled Tuesday Blitz May 9 Late 2023"]
[White "Manukyan, Sargis A."]
[Black "Fathy, Elameir"]
[WhiteFideId "13303970"]
[BlackFideId "10600396"]
[WhiteElo "2187"]
[BlackElo "2311"]
[Result "0-1"]
[Round "01"]
[TimeControl "180+2"]
[Date "2023.05.09"]
[WhiteClock "0:00:27"]
[BlackClock "0:00:17"]

1. d4 d5 2. c4 e6 3. Nc3 c6 4. e3 Nf6 5. Nf3 Nbd7 6. Bd3 dxc4 7. Bxc4 Bd6 8. e4 b5 9. Bd3 e5 10. O-O O-O 11. a3 Qe7 12. Bg5 h6 13. Bh4 exd4 14. Nxd4 Qe5 15. Nf3 Qh5 16. Bg3 Bxg3 17. hxg3 Ng4 18. Re1 Nde5 19. Be2 Be6 20. Nh4 g5 21. Bxg4 Nxg4 22. Nf3 Rad8 23. Qc2 f5 24. e5 f4 25. Ne4 Bd5 26. gxf4 Rxf4 27. Ng3 Qf7 28. Rad1 Re8 29. Rxd5 cxd5 30. Qc6 Rxf3 31. gxf3 Nxe5 32. Rxe5 Rxe5 33. Qc8+ Kg7 34. Qc3 Qe6 35. f4 gxf4 36. Nh5+ Kh7 37. Nxf4 Qg4+ 38. Ng2 Qg5 39. Qc7+ Re7 40. Qc2+ Qg6 41. Qc5 Rg7 42. Qxd5 Qxg2+ 43. Qxg2 Rxg2+ 44. Kxg2 Kg6 45. Kg3 Kf5 46. Kf3 h5 47. b3 a5 48. a4 b4 49. Kg3 Ke4 50. f3+ Kf5 51. Kg2 Kf4 52. Kf2 h4 53. Ke2 h3 54. Kf2 h2 55. Kg2 h1=Q+ 56. Kxh1 Kxf3 57. Kg1 Ke3 58. Kf1 Kd3 59. Ke1 Kc3 60. Kd1 Kxb3 61. Kc1 Kxa4 62. Kb1 Kb3 63. Ka1 a4 64. Kb1 a3 65. Ka1 Kc2 66. Ka2 b3+ 67. Kxa3 b2 68. Kb4 b1=Q+ 69. Kc5 Qb3 70. Kd4 Kd2 71. Kc5 Qf3 72. Kd6 Qf5 73. Kc6 Kd3 74. Kd6 Kc4 75. Ke7 Qg6 76. Kd7 Kd5 77. Ke7 Qh7+ 78. Kf8 Ke6 79. Ke8 Qh8# 0-1


[Site "https://www.chess.com"]

[Event "Titled Tuesday Blitz May 9 Late 2023"]
[White "Pavlidou, Ekaterini"]
[Black "Schnaider, Ilan"]
[WhiteFideId "4213262"]
[BlackFideId "169013"]
[WhiteElo "2126"]
[BlackElo "2224"]
[Result "0-1"]
[Round "01"]
[TimeControl "180+2"]
[Date "2023.05.09"]
[WhiteClock "0:00:12"]
[BlackClock "0:00:27"]

1. d4 Nf6 2. c4 g6 3. Nc3 d5 4. Nf3 Bg7 5. Bg5 Ne4 6. h4 Nxc3 7. bxc3 c5 8. e3 Nc6 9. cxd5 Qxd5 10. c4 Qd8 11. d5 Qa5+ 12. Nd2 Nb4 13. Rb1 Qxa2 14. Rxb4 cxb4 15. Bd3 Bc3 16. e4 b3 17. Bb1 Qa3 18. h5 Bd7 19. Ke2 b2 20. Nf1 gxh5 21. Qd3 O-O-O 22. Ne3 Rhg8 23. Bxe7 Qxe7 24. Qxc3 Rde8 25. c5 Bb5+ 26. Kd2 Kb8 27. d6 Qe6 28. Qxb2 Bc6 29. f3 Qh6 30. Ke2 h4 31. Ba2 Bxe4 32. d7 Bxf3+ 33. Kf1 Rxe3 34. gxf3 Rxf3+ 0-1


[Site "https://www.chess.com"]

[Event "Titled Tuesday Blitz May 9 Late 2023"]
[White "Rosen, Eric"]
[Black "Smiechu"]
[WhiteFideId "2032562"]
[WhiteElo "2331"]
[BlackElo "2324"]
[Result "1-0"]
[Round "01"]
[TimeControl "180+2"]
[Date "2023.05.09"]
[WhiteClock "0:02:08"]
[BlackClock "0:02:29"]

1. d4 Nf6 2. Bf4 c5 3. e3 cxd4 4. exd4 d5 5. Nf3 Bg4 6. Nbd2 e6 7. c3 Bd6 8. Bxd6 Qxd6 9. Be2 O-O 10. O-O Nc6 11. Re1 Ne4 12. Nxe4 dxe4 13. Nd2 Bxe2 14. Qxe2 f5 15. f3 exf3 16. Nxf3 Rae8 17. Ne5 Nxe5 18. Qxe5 Qb6 19. Re2 f4 20. Rf1 Qc6 21. Rxf4 Rxf4 22. Qxf4 Qa4 23. b3 Qa5 24. Rf2 Qb5 25. Qf7+ Kh8 26. Qf8+ Rxf8 27. Rxf8# 1-0


[Site "https://www.chess.com"]

[Event "Titled Tuesday Blitz May 9 Late 2023"]
[White "De Souza, Cristiano Gomes"]
[Black "Soham Kamotra"]
[WhiteFideId "2151758"]
[BlackFideId "46647490"]
[WhiteElo "2068"]
[BlackElo "2209"]
[Result "0-1"]
[Round "01"]
[TimeControl "180+2"]
[Date "2023.05.09"]
[WhiteClock "0:00:11"]
[BlackClock "0:00:08"]

1. d4 Nf6 2. c4 c6 3. Nf3 d5 4. Nc3 a6 5. e3 Bf5 6. Bd3 Bxd3 7. Qxd3 e6 8. O-O Bb4 9. Bd2 O-O 10. a3 Ba5 11. Ne5 Nbd7 12. Nxd7 Nxd7 13. Rac1 f5 14. f3 Nf6 15. Rc2 g6 16. Rfc1 Re8 17. h3 Bxc3 18. Bxc3 Qd6 19. b4 dxc4 20. Qxc4 Nd5 21. Bd2 Rad8 22. Qc5 e5 23. Qxd6 Rxd6 24. Rc4 Kf7 25. Kf2 Nf6 26. Bc3 e4 27. f4 b5 28. Rc5 Nd7 29. Bd2 Nxc5 30. bxc5 Rd5 31. a4 Rb8 32. axb5 axb5 33. Ra1 Ke6 34. Ra7 Rd7 35. Ra6 Rc7 36. Ba5 Rcc8 37. Be1 Ra8 38. Rb6 Rc7 39. g4 Kd5 40. gxf5 gxf5 41. Ke2 Ra2+ 42. Bd2 Rca7 43. Rb8 Rc2 44. Rd8+ Kc4 45. Kd1 Raa2 46. Bc1 Rh2 0-1


[Site "https://www.chess.com"]

[Event "Titled Tuesday Blitz May 9 Late 2023"]
[White "De Prado Rodriguez, Oscar Bruno"]
[Black "Ankerst, Mihael"]
[WhiteFideId "2203600"]
[BlackFideId "14602369"]
[WhiteElo "2190"]
[BlackElo "2323"]
[Result "0-1"]
[Round "01"]
[TimeControl "180+2"]
[Date "2023.05.09"]
[WhiteClock "0:02:36"]
[BlackClock "0:01:16"]

1. d4 Nf6 2. Bf4 g6 3. e3 Bg7 4. Nc3 d6 5. h4 h5 6. Qd2 O-O 7. O-O-O a6 8. f3 b5 9. e4 Bb7 10. Nh3 Nbd7 11. Bh6 b4 12. Ne2 Nb6 13. Bxg7 Kxg7 14. g4 Rh8 15. g5 Nfd7 16. Ng3 a5 17. f4 a4 18. Kb1 c5 19. d5 Ba6 20. f5 Ne5 21. fxg6 fxg6 22. Nf4 Bc8 23. Bh3 Nbc4 24. Qe2 b3 25. cxb3 axb3 26. axb3 Qa5 27. Bxc8 Qa1+ 28. Kc2 Qxb2# 0-1


[Site "https://www.chess.com"]

[Event "Titled Tuesday Blitz May 9 Late 2023"]
[White "Zampronha, Wladimir Camilo"]
[Black "Lenaerts, Lennert"]
[WhiteFideId "2103087"]
[BlackFideId "211435"]
[WhiteElo "2176"]
[BlackElo "2334"]
[Result "0-1"]
[Round "01"]
[TimeControl "180+2"]
[Date "2023.05.09"]
[WhiteClock "0:00:06"]
[BlackClock "0:01:13"]

1. e4 e5 2. Nf3 Nc6 3. d4 exd4 4. Nxd4 Nf6 5. Nxc6 bxc6 6. e5 Qe7 7. Qe2 Nd5 8. c4 Ba6 9. b3 g6 10. f4 d6 11. exd6 Qxe2+ 12. Bxe2 Bg7 13. cxd5 Bxe2 14. Kxe2 Bxa1 15. dxc6 cxd6 16. Ba3 O-O 17. Nd2 Rfe8+ 18. Kd3 Bg7 19. Rc1 Rac8 20. Ne4 Red8 21. b4 d5 22. Nd2 a6 23. Nb3 Rd6 24. Na5 Re6 25. Rc2 Bf6 26. Rc5 Bd8 27. Rxd5 Bxa5 28. Rxa5 Rexc6 29. Bb2 Rd8+ 30. Ke3 f6 31. Bd4 Kf7 32. Bc5 Re6+ 33. Kf2 Rd2+ 34. Kf3 Rd3+ 35. Kf2 Rd2+ 36. Kf3 h5 37. h4 Rb2 38. a4 Rc6 39. Kg3 Ra2 40. Kf3 Ke6 41. Kg3 Kd7 42. Kf3 Kc8 43. f5 gxf5 44. Kf4 Rxg2 45. Kxf5 Rg4 46. Be7 Rxh4 47. Bxf6 Rxb4 48. Rd5 Rxa4 49. Bg5 Rac4 50. Rd8+ Kc7 51. Rh8 R6c5+ 52. Kg6 Rg4 53. Rxh5 a5 54. Kf6 Rgxg5 55. Rxg5 Rxg5 56. Kxg5 a4 57. Kf4 a3 58. Ke3 a2 0-1


[Site "https://www.chess.com"]

[Event "Titled Tuesday Blitz May 9 Late 2023"]
[White "Taichman, Ori"]
[Black "FuenfgegenWilly"]
[WhiteFideId "2804069"]
[WhiteElo "2237"]
[BlackElo "2317"]
[Result "1-0"]
[Round "01"]
[TimeControl "180+2"]
[Date "2023.05.09"]
[WhiteClock "0:00:51"]
[BlackClock "0:00:17"]

1. e4 e5 2. d4 exd4 3. Qxd4 Nc6 4. Qe3 Nf6 5. Nc3 Bb4 6. Bd2 O-O 7. O-O-O Re8 8. Qg3 Nxe4 9. Nxe4 Rxe4 10. c3 Bf8 11. Bd3 Re8 12. Nf3 d5 13. Ng5 g6 14. h4 Bd6 15. f4 Qf6 16. h5 Bf5 17. Nxh7 Kxh7 18. hxg6+ Kg8 19. g7 Bg6 20. Qh3 Kxg7 21. Qh6+ Kg8 22. f5 Ne5 23. fxg6 Nxd3+ 24. Kb1 fxg6 25. Qh7+ Kf8 26. Bh6+ 1-0


[Site "https://www.chess.com"]

[Event "Titled Tuesday Blitz May 9 Late 2023"]
[White "SalihEke"]
[Black "benny_aizenberg"]
[WhiteElo "2317"]
[BlackElo "2624"]
[Result "0-1"]
[Round "01"]
[TimeControl "180+2"]
[Date "2023.05.09"]
[WhiteClock "0:00:00"]
[BlackClock "0:00:02"]

1. e4 c5 2. Nf3 a6 3. d4 cxd4 4. Nxd4 e5 5. Nb3 Nf6 6. Nc3 Bb4 7. Bd3 d5 8. exd5 Nxd5 9. Bd2 Nxc3 10. bxc3 Be7 11. O-O O-O 12. Qh5 g6 13. Qh6 Nc6 14. Rad1 Qc7 15. Be3 f5 16. Bc4+ Kh8 17. Bg5 Bd7 18. Rd3 Bxg5 19. Qxg5 f4 20. Rfd1 Bf5 21. R3d2 e4 22. Nc5 Ne5 23. Ne6 Qxc4 24. Nxf8 Rxf8 25. Rd8 Rxd8 26. Rxd8+ Kg7 27. Qe7+ Nf7 28. Qf8+ Kf6 29. Rd6+ Kg5 30. Qe7+ Kh5 31. Rd1 Qe2 0-1


[Site "https://www.chess.com"]

[Event "Titled Tuesday Blitz May 9 Late 2023"]
[White "Subelj, Jan"]
[Black "Kostiukov, Alexandr"]
[WhiteFideId "14618583"]
[BlackFideId "14108100"]
[WhiteElo "2474"]
[BlackElo "2202"]
[Result "1-0"]
[Round "01"]
[TimeControl "180+2"]
[Date "2023.05.09"]
[WhiteClock "0:01:11"]
[BlackClock "0:00:00"]

1. e4 c5 2. Na3 g6 3. c3 Bg7 4. Nc2 d5 5. Bb5+ Bd7 6. Bxd7+ Qxd7 7. d3 dxe4 8. dxe4 Qxd1+ 9. Kxd1 Nf6 10. f3 Nc6 11. Ke2 O-O-O 12. Nh3 Ne5 13. Nf2 Rd7 14. f4 Nc6 15. Be3 b6 16. Rad1 e5 17. f5 Rhd8 18. Rxd7 Rxd7 19. Bg5 Ne8 20. Ne3 f6 21. Bh4 g5 22. Bg3 h5 23. h4 g4 24. Nd5 Ne7 25. Nxe7+ Rxe7 26. Rd1 Kc7 27. Bh2 Nd6 28. Rd5 Kc6 29. Rd1 c4 30. Re1 Bh6 31. Kd1 Nb7 32. Kc2 Nc5 33. Re2 Bf4 34. Bg1 Rd7 35. Nh1 b5 36. Be3 Rd3 37. Bxf4 exf4 38. e5 fxe5 39. Rxe5 Rd5 40. Re7 Rxf5 41. Rxa7 1-0


[Site "https://www.chess.com"]

[Event "Titled Tuesday Blitz May 9 Late 2023"]
[White "Ng, Gary"]
[Black "Koellner, Ruben Gideon"]
[WhiteFideId "2604914"]
[BlackFideId "12993093"]
[WhiteElo "2313"]
[BlackElo "2314"]
[Result "0-1"]
[Round "01"]
[TimeControl "180+2"]
[Date "2023.05.09"]
[WhiteClock "0:00:16"]
[BlackClock "0:00:40"]

1. d4 d6 2. e4 Nf6 3. Nc3 e5 4. dxe5 dxe5 5. Qxd8+ Kxd8 6. Bg5 Be6 7. O-O-O+ Nd7 8. Nf3 Bd6 9. h3 h6 10. Be3 Ke7 11. Nb5 a6 12. Nxd6 cxd6 13. Kb1 Nxe4 14. Bd3 Nec5 15. Be2 Rac8 16. Rhe1 b5 17. g4 d5 18. Nh4 d4 19. Bd2 Ne4 20. Bb4+ Nd6 21. Bf3 Rc4 22. c3 Rhc8 23. Bb7 R8c7 24. Bxa6 Rxb4 25. cxb4 Ra7 26. Bxb5 Bxa2+ 27. Kc2 Rc7+ 28. Kd2 Nxb5 29. f4 f6 30. fxe5 fxe5 31. Ng6+ Kd6 32. Ra1 Bd5 33. Ra6+ Rc6 34. Ra5 Rb6 35. h4 e4 36. g5 e3+ 37. Kd3 hxg5 38. hxg5 Ne5+ 39. Ke2 Nxg6 0-1


[Site "https://www.chess.com"]

[Event "Titled Tuesday Blitz May 9 Late 2023"]
[White "Sochacki, Christophe"]
[Black "Souza, Adwilhans Luciano"]
[WhiteFideId "662569"]
[BlackFideId "2101793"]
[WhiteElo "2501"]
[BlackElo "2288"]
[Result "1-0"]
[Round "01"]
[TimeControl "180+2"]
[Date "2023.05.09"]
[WhiteClock "0:00:17"]
[BlackClock "0:00:10"]

1. e4 e5 2. Nf3 Nc6 3. Bc4 Nf6 4. Ng5 d5 5. exd5 b5 6. Bf1 Nxd5 7. Bxb5 Bb7 8. d4 Qd7 9. dxe5 O-O-O 10. O-O Bc5 11. Qf3 f6 12. exf6 gxf6 13. Ne4 Bb6 14. c4 Ndb4 15. c5 Nc2 16. cxb6 axb6 17. Nxf6 Qe6 18. Na3 N6d4 19. Qg4 Qxg4 20. Nxg4 Nxa1 21. Ba4 Rhg8 22. Ne3 Rd6 23. Bd1 Bxg2 24. Nxg2 Rdg6 25. b3 Rxg2+ 26. Kh1 R2g6 27. Bb2 Naxb3 28. axb3 Nf5 29. h3 Nh4 30. Bg4+ Kb8 31. Nc4 Rd8 32. Ne5 Rgg8 33. Nc6+ Kb7 34. Nxd8+ Rxd8 35. Bf6 1-0


[Site "https://www.chess.com"]

[Event "Titled Tuesday Blitz May 9 Late 2023"]
[White "Brueckner, Thomas"]
[Black "Omranalhosani21"]
[WhiteFideId "4600452"]
[WhiteElo "2322"]
[BlackElo "2612"]
[Result "1/2-1/2"]
[Round "01"]
[TimeControl "180+2"]
[Date "2023.05.09"]
[WhiteClock "0:00:23"]
[BlackClock "0:00:08"]

1. Nf3 d5 2. g3 Nd7 3. c4 dxc4 4. Bg2 Nb6 5. Na3 c6 6. Qc2 Qd5 7. Nh4 Qc5 8. b3 e5 9. Nxc4 Nxc4 10. Qxc4 Qxc4 11. bxc4 Bc5 12. Bb2 f6 13. O-O Ne7 14. e3 g5 15. Nf3 g4 16. Nh4 Be6 17. d4 Bd6 18. c5 Bc7 19. dxe5 Bxe5 20. Bxe5 fxe5 21. Rab1 O-O-O 22. Rb2 Kc7 23. Be4 Bc4 24. Rfb1 Ba6 25. Nf5 Nxf5 26. Bxf5 h5 27. Be4 Rh6 28. Rc1 Rf6 29. a4 Re6 30. a5 Rf6 31. Rb3 Re6 32. Rb2 Rf6 33. Ra2 Rd7 34. Rb2 Rd8 1/2-1/2


[Site "https://www.chess.com"]

[Event "Titled Tuesday Blitz May 9 Late 2023"]
[White "Sun, Rick"]
[Black "Fuzesabonyilaci"]
[WhiteFideId "30909481"]
[WhiteElo "2169"]
[BlackElo "2306"]
[Result "1-0"]
[Round "01"]
[TimeControl "180+2"]
[Date "2023.05.09"]
[WhiteClock "0:00:11"]
[BlackClock "0:00:01"]

1. d4 d5 2. Nc3 Nf6 3. Bf4 c5 4. e3 cxd4 5. exd4 a6 6. Nf3 Bg4 7. h3 Bxf3 8. Qxf3 Nc6 9. O-O-O e6 10. g4 Bd6 11. Be3 O-O 12. g5 Nd7 13. h4 Re8 14. h5 Nf8 15. g6 Qf6 16. gxh7+ Nxh7 17. Qg2 Bf4 18. Bd3 Nf8 19. Ne2 Bh6 20. Rh3 e5 21. Rf3 Bxe3+ 22. fxe3 Qh6 23. dxe5 Nxe5 24. Rg3 Nxd3+ 25. Rxd3 Rad8 26. Nd4 Ne6 27. Nf5 Qf6 28. Rxd5 Rxd5 29. Qxd5 Rd8 30. Qf3 Kh7 31. Qg4 Rd7 32. a3 b5 33. Kb1 Rc7 34. c3 a5 35. Nd4 Nxd4 36. exd4 Re7 37. Rf3 Qe6 38. Qf5+ Kh6 39. Qf4+ Kh7 40. Qf5+ Kh6 41. Qxb5 Qe4+ 42. Qd3 Qd5 43. Rf5 Re1+ 44. Kc2 Qg2+ 45. Kb3 Qb7+ 46. Ka2 Qc6 47. Qd2+ Kh7 48. Qxe1 Qe6+ 49. Qxe6 fxe6 50. Re5 Kh6 51. Rxe6+ Kxh5 52. Re5+ g5 53. Rxa5 Kh4 54. Rxg5 Kxg5 55. Kb3 1-0


[Site "https://www.chess.com"]

[Event "Titled Tuesday Blitz May 9 Late 2023"]
[White "Kopacz, Grzegorz"]
[Black "Filgueira, Hernan"]
[WhiteFideId "1109880"]
[BlackFideId "101770"]
[WhiteElo "2037"]
[BlackElo "2363"]
[Result "0-1"]
[Round "01"]
[TimeControl "180+2"]
[Date "2023.05.09"]
[WhiteClock "0:00:04"]
[BlackClock "0:00:19"]

1. d4 d5 2. c4 c6 3. cxd5 cxd5 4. Nc3 Nc6 5. Bf4 Nf6 6. Nf3 e6 7. e3 Be7 8. Bd3 O-O 9. O-O Bd7 10. Rc1 Qa5 11. a3 Rfc8 12. h3 Be8 13. Ne5 Nd7 14. Nxc6 bxc6 15. Qh5 g6 16. Qf3 Bf8 17. h4 Bg7 18. h5 e5 19. dxe5 Nxe5 20. Bxe5 Bxe5 21. hxg6 hxg6 22. e4 d4 23. Ne2 Qd8 24. Rc5 Qe7 25. Rfc1 a5 26. Qg4 a4 27. Bc4 Kg7 28. Bd3 Bd7 29. Qf3 Rh8 30. g3 Rh6 31. Bc4 Rah8 32. Kf1 Bd6 33. Ra5 Be8 34. e5 Bxe5 35. Rxa4 c5 36. Ra8 Rh1+ 37. Ng1 Bf6 38. Ra6 Bd7 39. g4 R8h3 40. Qf4 Bg5 41. Qc7 Bxc1 42. Ra7 Qe4 43. Qxd7 Rxg1+ 44. Kxg1 Rh1# 0-1


[Site "https://www.chess.com"]

[Event "Titled Tuesday Blitz May 9 Late 2023"]
[White "Gold_Ocean"]
[Black "Ward, Ieuan C"]
[BlackFideId "406627"]
[WhiteElo "2609"]
[BlackElo "2298"]
[Result "0-1"]
[Round "01"]
[TimeControl "180+2"]
[Date "2023.05.09"]
[WhiteClock "0:00:13"]
[BlackClock "0:00:17"]

1. b3 e5 2. Bb2 Nc6 3. e3 Nf6 4. Bb5 Bd6 5. Ne2 O-O 6. d3 a6 7. Bxc6 dxc6 8. c4 Re8 9. Nbc3 Qe7 10. Qc2 Bf5 11. O-O-O b5 12. Ng3 Bg6 13. e4 a5 14. cxb5 cxb5 15. Nxb5 a4 16. bxa4 Nd7 17. Kb1 Nc5 18. Nxd6 cxd6 19. Ka1 Rxa4 20. d4 exd4 21. Rxd4 Rea8 22. Rxa4 Nxa4 23. Bd4 f6 24. Nf5 Qe6 25. Rc1 Bf7 26. a3 Nc5 27. Bxc5 dxc5 28. Qb2 g6 29. Ng3 Kg7 30. Rxc5 Rb8 31. Qc2 Rb3 32. Ra5 Qb6 33. Ra4 Qd6 34. Qc1 Qe5+ 35. Ka2 Rc3+ 36. Kb1 Rxc1+ 37. Kxc1 Qf4+ 38. Kc2 Qxf2+ 39. Kc3 Qxg2 40. Rd4 Qxh2 41. Nf1 Qf2 42. Nd2 Qe3+ 43. Rd3 Qc5+ 44. Kb2 h5 45. Rc3 Qb5+ 46. Kc2 h4 47. Nf3 Qe2+ 48. Kc1 Qxe4 49. a4 h3 50. a5 Qf4+ 51. Kb2 h2 52. Nxh2 Qxh2+ 53. Ka3 Qd6+ 54. Ka4 Be8+ 55. Kb3 Qd5+ 56. Kb4 Qd4+ 57. Rc4 Qb2+ 58. Kc5 Qb5+ 59. Kd4 Qxa5 60. Rc5 Qxc5+ 61. Kxc5 g5 62. Kd4 f5 63. Ke3 Bd7 64. Kf3 Kf6 65. Kg3 f4+ 66. Kf3 Kf5 67. Kf2 g4 68. Kg2 Ke4 69. Kf2 g3+ 70. Kg1 Bc6 71. Kf1 Ke3 72. Kg1 f3 73. Kf1 Kf4 74. Ke1 Bb5 75. Kd2 g2 76. Kc3 g1=Q 77. Kb4 0-1


[Site "https://www.chess.com"]

[Event "Titled Tuesday Blitz May 9 Late 2023"]
[White "Rosenberg, Evan S"]
[Black "Piesik, Piotr"]
[WhiteFideId "2019299"]
[BlackFideId "1136194"]
[WhiteElo "2294"]
[BlackElo "2299"]
[Result "0-1"]
[Round "01"]
[TimeControl "180+2"]
[Date "2023.05.09"]
[WhiteClock "0:00:00"]
[BlackClock "0:01:51"]

1. d4 c5 2. d5 e5 3. e4 d6 4. Nc3 Be7 5. g3 Bg5 6. h4 Bxc1 7. Qxc1 Ne7 8. Bh3 O-O 9. Bxc8 Qxc8 10. Kf1 f5 11. Kg2 Nd7 12. f3 Nf6 13. Nh3 h6 14. Qe3 Ng6 15. exf5 Qxf5 16. Rac1 Rae8 17. Rhf1 a6 18. a4 Qd7 19. b3 b5 20. axb5 axb5 21. Rcd1 Ne7 22. Nf2 Nf5 23. Qe2 b4 24. Nce4 Nh5 25. Ng4 Nfxg3 26. Nxg3 Nf4+ 27. Kh2 Nxe2 28. Nxe2 e4 29. Rg1 Rxf3 30. Rg2 Kh8 31. Rdg1 Qf5 0-1


[Site "https://www.chess.com"]

[Event "Titled Tuesday Blitz May 9 Late 2023"]
[White "MKlose11"]
[Black "Georg, Heinz"]
[BlackFideId "4607295"]
[WhiteElo "2606"]
[BlackElo "2293"]
[Result "1-0"]
[Round "01"]
[TimeControl "180+2"]
[Date "2023.05.09"]
[WhiteClock "0:00:52"]
[BlackClock "0:00:15"]

1. e4 c5 2. Nc3 Nc6 3. g3 g6 4. Bg2 Bg7 5. d3 Rb8 6. Be3 d6 7. Qd2 b5 8. Nge2 Nf6 9. h3 Bd7 10. Bh6 O-O 11. Bxg7 Kxg7 12. O-O a5 13. f4 a4 14. Nd1 Qa5 15. Qxa5 Nxa5 16. Ne3 e6 17. g4 Bc6 18. Ng3 d5 19. g5 Nd7 20. exd5 exd5 21. Nxd5 Bxd5 22. Bxd5 Nb6 23. Be4 f5 24. gxf6+ Rxf6 25. f5 b4 26. fxg6 hxg6 27. Rxf6 Kxf6 28. Rf1+ Kg7 29. Ne2 b3 30. axb3 axb3 31. cxb3 Nxb3 32. Nf4 c4 33. Ne6+ Kh6 34. Rf4 g5 35. Rf6+ Kh5 36. Kg2 cxd3 37. Ng7+ Kh4 38. Rh6# 1-0


[Site "https://www.chess.com"]